 Dungeon Crawl Stone Soup version 0.30-a0-347-gf58ed5266c (webtiles) character file.

Game seed: 8363310801632403428

3738 Zonian the Nimble (level 10, 0/60 HPs)
             Began as a Djinni Ice Elementalist on Nov 6, 2022.
             Was an Initiate of Ashenzari.
             Slain by Prince Ribbit (8 damage)
             ... on level 8 of the Dungeon.
             The game lasted 00:24:19 (12847 turns).

Zonian the Nimble (Djinni Ice Elementalist)        Turns: 12847, Time: 00:24:20

Health: 0/60       AC: 10    Str:  7    XL:     10   Next: 37%
Gold:   321        EV: 16    Int: 21    God:    Ashenzari [......] SH:  0 Dex: 14

rFire   + + .      SeeInvis .    b - +3 dagger (drain)
rCold   x . .      Faith    .    (no shield)
rNeg    + . .      Spirit   .    a - +0 robe
rPois   ∞          Reflect  .    (no helmet)
rElec   .          Harm     .    (no cloak)
rCorr   .          Rampage  .    C - +0 pair of gloves
Will    ++...                    (boots unavailable)
Stlth   ++++......               g - amulet of the acrobat
HPRegen 0.30/turn                l - ring of Supernal Understanding {Will+, Melee, Fort} (curse)
MPRegen 0.00/turn                y - ring of positive energy

@: ice-armoured, flying
A: sickness immunity, fire resistance 2, cold vulnerability 1, float, innate
caster, HP casting, extra vitality 1
a: Renounce Religion, Shatter the Chains


You were on level 8 of the Dungeon.
You worshipped Ashenzari.
Ashenzari was noncommittal.
You visited 2 branches of the dungeon, and saw 9 of its levels.
You also visited: Sewer.

You collected 366 gold pieces.
You spent 45 gold pieces at shops.

Inventory:

Hand Weapons
 b - a +3 dagger of draining (weapon)
 c - a +0 rapier of freezing
 o - a +0 falchion
 r - a +1 dagger of pain
 u - a +2 short sword of speed
Missiles
 e - 26 poisoned darts
 w - 4 throwing nets
Armour
 a - a +0 robe (worn)
 v - the +1 robe of Cynicism {Int-4 Dex+4 SInv Archmagi}
   (You found it on level 7 of the Dungeon)

   Int:       It affects your intelligence (-4).
   Dex:       It affects your dexterity (+4).
   SInv:      It lets you see invisible.
   Archmagi:  It increases the power of your magical spells.
 C - a +0 pair of gloves (worn)
Jewellery
 g - an amulet of the acrobat (around neck)
 l - the cursed ring of Supernal Understanding (left hand) {Will+, Melee, Fort}
   (You found it on level 4 of the Dungeon)

   [ring of willpower]

   Will:      It increases your willpower.
   It has a curse which improves the following skills: Melee Combat: Short
   Blades, Long Blades, Axes, Maces & Flails, Polearms, Staves and Unarmed
   Combat.
   Fortitude: Armour and Shields.
 y - a ring of positive energy (right hand)
Wands
 h - a wand of roots (5)
 j - a wand of flame (10)
 t - a wand of digging (5)
Scrolls
 f - 3 scrolls of immolation
 i - a scroll of blinking
 k - 2 scrolls of enchant armour
 m - a scroll of magic mapping
 p - a scroll of teleportation
 s - a scroll of poison
 E - a scroll of fog {unknown}
Potions
 d - a potion of attraction
 n - 3 potions of mutation
 q - 2 potions of ambrosia
 z - a potion of heal wounds
 A - a potion of curing
 B - a potion of brilliance {unknown}


   Skills:
 + Level 9.3 Dodging
 + Level 7.7 Stealth
 + Level 7.2 Spellcasting


You had 2 spell levels left.
You knew the following spells:

 Your Spells              Type           Power      Damage    Failure   Level
a - Freeze                Ice            100%       1d10      1%          1
b - Frozen Ramparts       Ice            74%        1d12      1%          3
c - Ozocubu's Armour      Ice            37%        N/A       1%          3
d - Summon Ice Beast      Ice/Summ       37%        N/A       4%          4
e - Slow                  Hex            100%       N/A       1%          1
f - Scorch                Fire           74%        2d9       1%          2
g - Swiftness             Air            37%        N/A       1%          3
h - Olgreb's Toxic Radia  Pois           37%        N/A       4%          4
Your spell library was empty.

Dungeon Overview and Level Annotations

Branches:
Dungeon (8/15)             Temple (1/1) D:6           Sewer (visited)
   Lair: D:8-11

Altars:
Ashenzari
Cheibriados
Dithmenos
Elyvilon
Fedhas
Gozag
Hepliaklqana
Makhleb
Nemelex Xobeh
Qazlal
Ru
Trog
Uskayaw
Wu Jian
Xom
Yredelemnul
Zin
The Shining One

Shops:
D:1 *

Annotations:
D:2 1 exclusion
D:8 Prince Ribbit


Innate Abilities, Weirdness & Mutations

You are immune to sickness and miasma.
You are immune to poison.
Your flesh is very heat resistant. (rF++)
You are vulnerable to cold. (rC-)
You float through the air rather than walking.
You learn spells naturally, not from books.
Your magical power is your life essence.
You have superior vitality. (+4 MHP)


Message History

Press: ? - help, Shift-Dir - straight line, f/p - kobold
Aim: a kobold, wielding a +0 dagger (chance to affect: 73%)
The kobold seems to slow down.
Unknown command.
You start to feel a little faster.
You hit the kobold.
You kill the kobold!
e - 26 poisoned darts (gained 3)
Items here: )))) [ ††.
You no longer feel sluggish.
Things that are here:
a +0 flail; a +2 flail of protection; a gnoll corpse You start resting.
Prince Ribbit comes into view.
Prince Ribbit is nearby!
Prince Ribbit is nearby!
Prince Ribbit is nearby!
Unknown command.
Items here: )))) [ ††.
Prince Ribbit blinks!
Casting: Slow (safe; 1% risk of failure)
Confirm with . or Enter, or press ? or * to list all spells.
Aiming: Slow (safe; 1% risk of failure)
Press: ? - help, Shift-Dir - straight line, f - Prince Ribbit
Aim: Prince Ribbit (chance to affect: 38%) Prince Ribbit resists with some effort.
Unknown command.
Casting: Slow (safe; 1% risk of failure)
Confirm with . or Enter, or press ? or * to list all spells.
Flames lash Prince Ribbit.
Prince Ribbit is lightly wounded.
Prince Ribbit's fire resistance burns away.
Prince Ribbit hits you!! Prince Ribbit hits you!
* * * LOW HITPOINT WARNING * * *
Casting: Scorch (safe; 1% risk of failure)
Confirm with . or Enter, or press ? or * to list all spells.
A film of ice covers your body!
* * * LOW HITPOINT WARNING * * *
Prince Ribbit hits you!
You die...

#.F##.))#
##..§..#.#
...##...# .#.##.#.#
##......# #.....#.#
....... #..#.##.#
...........#.##F#
....#...##..#.##@#
.........#..#.##.#
.#.##....#.(#.##..
...##....#..#.#####
............#.#
..............#
#.##.....#..###
#.##....##..####
#......)+....!.#


You could see Prince Ribbit (combustible).

Vanquished Creatures
  Sigmund (D:2)
  4 yaks (D:8)
  2 water moccasins
  An orc warrior (D:8)
  An ice beast (D:5)
  A sky beast (D:7)
  2 black bears (D:7)
  3 centaurs
  An ogre (D:4)
  2 bullfrogs
  3 kobold brigands
  3 necrophages
  2 scorpions
  4 wights (D:5)
  A howler monkey (D:7)
  5 hounds
  A jelly (D:5)
  3 orc priests
  4 gnoll boudas
  Terence (D:2)
  2 iguanas
  9 orc wizards
  26 gnolls
  10 adders
  3 ufetubi
  A worm (D:3)
  A dart slug (D:5)
  25 orcs
  3 bats
  3 endoplasms
  5 giant cockroaches
  15 goblins
  5 hobgoblins
  A jackal (Sewer)
  11 quokkas
  8 ball pythons
  2 frilled lizards (D:2)
  15 kobolds
  8 rats
198 creatures vanquished.

Vanquished Creatures (others)
  A butterfly (D:5)
1 creature vanquished.

Grand Total: 199 creatures vanquished

Notes
Turn   | Place    | Note
-------+----------+-------------------------------------------
     0 | D:1      | Zonian the Djinni Ice Elementalist began the quest for the
                  | Orb.
     0 | D:1      | Zonian set off with the following spells memorised: Freeze,
                  | Frozen Ramparts, Ozocubu's Armour, Summon Ice Beast.
     0 | D:1      | Reached XP level 1. HP: 15/15 MP: 0/0
   237 | D:1      | Found Eniosed's Assorted Antiques.
   293 | D:1      | Reached XP level 2. HP: 20/21 MP: 0/0
   795 | D:1      | Reached XP level 3. HP: 15/25 MP: 0/0
   795 | D:1      | Learned a level 1 spell: Slow
  1319 | D:2      | Reached skill level 3 in Dodging
  1390 | D:2      | Noticed Sigmund
  1658 | D:2      | Noticed Terence
  1667 | D:2      | Killed Terence
  1668 | D:2      | Reached XP level 4. HP: 12/31 MP: 0/0
  1930 | D:2      | Found a faded altar of an unknown god.
  2141 | D:2      | Reached XP level 5. HP: 29/35 MP: 0/0
  2141 | D:2      | Learned a level 2 spell: Scorch
  2209 | D:2      | Killed Sigmund
  2210 | D:2      | Reached skill level 4 in Dodging
  2210 | D:2      | Reached XP level 6. HP: 18/40 MP: 0/0
  4598 | D:4      | Reached XP level 7. HP: 39/45 MP: 0/0
  4598 | D:4      | Learned a level 3 spell: Swiftness
  4826 | D:4      | Reached skill level 5 in Dodging
  6402 | D:4      | Reached XP level 8. HP: 50/50 MP: 0/0
  6669 | D:5      | Entered Level 5 of the Dungeon
  6700 | D:5      | Reached skill level 5 in Spellcasting
  7029 | D:5      | Found a white marble altar of Elyvilon.
  7390 | D:5      | Reached skill level 6 in Dodging
  7445 | D:5      | Reached skill level 5 in Stealth
  8541 | D:6      | Found a glowing drain.
  8574 | Sewer    | Entered a sewer
  8885 | Sewer    | Reached skill level 7 in Dodging
  8885 | Sewer    | Reached XP level 9. HP: 46/55 MP: 0/0
  8885 | Sewer    | Learned a level 4 spell: Olgreb's Toxic Radiance
  9807 | D:6      | Found a staircase to the Ecumenical Temple.
  9823 | Temple   | Entered the Ecumenical Temple
  9882 | Temple   | Became a worshipper of Ashenzari the Shackled
 10722 | D:1      | Bought a fuming purple potion for 21 gold pieces
 10722 | D:1      | Bought a scroll labelled ONORGH NUSE for 24 gold pieces
 10934 | D:7      | Identified the +1 robe of Cynicism {Int-4 Dex+4 SInv
                  | Archmagi}
 11137 | D:7      | Reached skill level 8 in Dodging
 11400 | D:7      | Found a hide-covered altar of Uskayaw.
 11984 | D:7      | Reached XP level 10. HP: 46/60 MP: 0/0
 12438 | D:8      | Reached skill level 9 in Dodging
 12835 | D:8      | Noticed Prince Ribbit
 12847 | D:8      | Slain by Prince Ribbit

Illustrated notes

Levels and vault maps discovered:
D:1:      giann_bridges, layout_loops_ring, serial_shops, nicolae_shop_trees,
          minmay_pentomino_r4
D:2:      layout_basic, hellmonk_ecumenical_altar_heavens_door, uniq_sigmund,
          uniq_terence
D:3:      layout_rooms
D:4:      layout_basic
D:5:      layout_rooms, nicolae_elyvilon_peaceful_grove
D:6:      layout_loops_ring, minmay_temple_entry_gardened_gates,
          gup_sewer_entry_pipe, minivault_19, st_stairs_14
D:7:      layout_basic, eat_drink_and_be_merry_uskayaw
D:8:      layout_basic, uniq_prince_ribbit1, uniq_maggie
Temple:   hellmonk_temple_of_storms

Skill      XL: |  1  2  3  4  5  6  7  8  9 10 |
---------------+-------------------------------+-----
Stealth        | 2 3 4 5 7 |  7.7
Dodging        | 3 4 5 7 8 9 |  9.3
Spellcasting   | 4 5 6 7 |  7.2

Action                   |  1- 3 |  4- 6 |  7- 9 | 10-12 || total
-------------------------+-------+-------+-------+-------++-------
Melee: Rapier            |    29 |    43 |       |       ||    72
       Unarmed           |     1 |       |       |       ||     1
       Punch             |     1 |     1 |     2 |       ||     4
       Dagger            |       |       |   185 |    28 ||   213
 Cast: Freeze            |    36 |    23 |     6 |       ||    65
       Slow              |     1 |     1 |    12 |     6 ||    20
       Scorch            |       |    23 |   104 |    11 ||   138
       Frozen Ramparts   |       |       |    12 |     7 ||    19
       Swiftness         |       |       |     1 |     1 ||     2
       Ozocubu's Armour  |       |       |       |     4 ||     4
Invok: Curse Item        |       |       |     1 |       ||     1
Evoke: Wand              |       |       |     4 |     1 ||     5
  Use: Scroll            |       |     2 |    14 |     1 ||    17
       Potion            |       |       |     4 |     1 ||     5
 Stab: Sleeping          |     2 |    12 |     6 |     1 ||    21
Armor: Robe              |    10 |     8 |    19 |     5 ||    42
Dodge: Dodged            |    40 |    51 |   216 |    15 ||   322

Table legend: (Time is in decaauts)
 A = Elapsed time spent in this place.
 B = Non-inter-level travel time spent in this place.
 C = Inter-level travel time spent in this place.
 D = Time resting spent in this place.
 E = Time spent auto-exploring this place.
 F = Levels seen in this place.
 G = Mean time per level.
                   A        B        C        D        E       F      G
               +--------+--------+--------+--------+--------+-----+--------+
         Total |  12866 |  12298 |    568 |   5956 |   4417 |  10 | 1286.6 |
       Dungeon |  12406 |  11856 |    550 |   5709 |   4329 |   8 | 1550.8 |
        Temple |     83 |     65 |     18 |      0 |     48 |   1 |   83.0 |
         Sewer |    375 |    375 |      0 |    247 |     40 |   1 |  375.0 |
               +--------+--------+--------+--------+--------+-----+--------+

Top non-repeatable levels by time:
     D:2: 2327 daAuts
     D:4: 2054 daAuts
     D:6: 1807 daAuts
     D:1: 1650 daAuts
     D:5: 1540 daAuts
     D:7: 1409 daAuts
     D:3: 1040 daAuts
     D:8: 577 daAuts
   Sewer: 375 daAuts
  Temple: 83 daAuts
